 Dungeon Sprint DCSS version 0.28-a0-199-g298df9dbad (webtiles) character file.

Game seed: 13204074876951131995

23 MikeHunt the Insei (level 2, -2/24 HPs)
             Began as a Demonspawn Monk on Aug 19, 2021.
             Slain by a water elemental (10 damage)
             ... in the Dungeon (Sprint III: "The Ten Rune Challenge").
             The game lasted 00:01:33 (265 turns).

MikeHunt the Insei (Demonspawn Monk)                 Turns: 265, Time: 00:01:34

Health: -2/24      AC:  2    Str: 11    XL:     2   Next: 75%
Magic:  2/2        EV: 12    Int: 11    God:
Gold:   0          SH:  0    Dex: 15    Spells: 1/1 levels left

rFire   . . .      SeeInvis .     - Unarmed
rCold   . . .      Faith    .   (no shield)
rNeg    . . .      Spirit   .   a - +0 robe
rPois   .          Reflect  .   (no helmet)
rElec   .          Harm     .   (no cloak)
rCorr   .          Rampage  .   (no gloves)
Will    .....      NoTele   +   (no boots)
Stlth   ++........              (no amulet)
HPRegen 0.08/turn               (no ring)
MPRegen 0.08/turn               (no ring)

@: no status effects
A: claws 1
a: no special abilities


You were in the Dungeon.
You visited 1 branch

Inventory:

Hand Weapons
 h - a +0 hunting sling
Armour
 a - a +0 robe (worn)
Scrolls
 g - a scroll of blinking
Potions
 b - a potion of curing
 c - 3 potions of heal wounds
 d - a potion of haste
 e - 2 potions of magic


   Skills:
 + Level 3.0 Fighting
 + Level 2.6 Dodging
 - Level 1.7 Stealth
 + Level 5.8 Unarmed Combat


You had one spell level left.
You didn't know any spells.
Your spell library was empty.

Dungeon Overview and Level Annotations

Branches:
Dungeon (1/1)

Altars:


Innate Abilities, Weirdness & Mutations

You have sharp fingernails.


Message History

You closely miss the human.
The human is almost dead.
The human hits you.
You closely miss the human. You punch the human.
You kill the human!
Your Unarmed Combat skill increases to level 5!
You have reached level 2!
Your demonic ancestry asserts itself...
Your fingernails lengthen.
You enter the shallow water.
Moving in this stuff is going to be slow.
You are no longer berserk.
You are exhausted.
You feel yourself slow down.
You start resting.
You feel yourself speed up.
You recover from your berserk rage.
You start resting.
You enter the shallow water.
Moving in this stuff is going to be slow.
Okay, then.
Unknown command.
You open the door.
A water elemental comes into view.
You barely miss the water elemental. The water elemental barely misses you.
You scratch the water elemental but do no damage.
The water elemental hits you!
The water elemental engulfs you in water!
You slip free of the water engulfing you.
You gasp with relief as air once again reaches your lungs.
You scratch the water elemental.
The water elemental is lightly damaged.
The water elemental closely misses you.
You scratch the water elemental.
The water elemental is moderately damaged.
The water elemental hits you!
You scratch the water elemental.
The water elemental is heavily damaged.
The water elemental hits you!
You die...

▓▓▓▓ ▓▓▓▓▓▓ ▓▓▓ ▓<.#
+....♣ ♣.# ▓..# #....♣
♣.# ▓#'####....♣♣♣ ..#
▓.....#....≈.♣♣♣♣.###+#+#
▓†....#...≈≈..♣...#......
▓....†#..≈≈≈≈♣♣.♣.'.⌠....
▓####†#..≈≈≈≈≈E.♣.#...###
▓.....#.≈≈≈≈≈≈@...# ⌠.#
▓.....#.≈≈≈≈≈.....# .#
▓.....#.≈≈≈.......# #
▓'#####...........#
▓.................#
▓▓▓▓▓▓▓▓▓▓▓▓▓▓▓▓▓▓▓


You could see a water elemental.

Vanquished Creatures
  A human (D)
  A phantom (D)
  4 rats (D)
6 creatures vanquished.

Notes
Turn   | Place    | Note
-------+----------+-------------------------------------------
     0 | D        | MikeHunt the Demonspawn Monk began the quest for the Orb.
     0 | D        | Reached XP level 1. HP: 18/18 MP: 1/1
     5 | D        | Reached skill level 3 in Unarmed Combat
    57 | D        | Reached skill level 4 in Unarmed Combat
   113 | D        | Reached skill level 5 in Unarmed Combat
   113 | D        | Gained mutation: You have sharp fingernails. [demonic
                  | ancestry]
   113 | D        | Reached XP level 2. HP: 18/24 MP: 2/2
   254 | D        | Noticed a water elemental
   265 | D        | Slain by a water elemental

Illustrated notes

Levels and vault maps discovered:
D:        dungeon_sprint_mu [sprint_mu_entry_forest, sprint_mu_temple_rooms,
          sprint_mu_d1_horrors, sprint_mu_d2_genie, sprint_mu_d3_branching,
          sprint_mu_orc_legion, sprint_mu_elf_gauntlet, sprint_mu_hive_nellie,
          sprint_mu_lair_fedhas, sprint_mu_vaults_butterflies,
          sprint_mu_slime_circle, sprint_mu_shoals_kraken,
          sprint_mu_snake_twists, sprint_mu_blade_basic,
          sprint_mu_crypt_fortress, sprint_mu_tomb_spiral,
          sprint_mu_vestibule_basic, sprint_mu_gehenna_hellfire,
          sprint_mu_dis_giant, sprint_mu_tartarus_statrot,
          sprint_mu_cocytus_islands, sprint_mu_zot1]

Skill      XL: |  1 |
---------------+----+-----
Unarmed Combat | 5 |  5.8
Fighting       | |  3.0
Dodging        | |  2.6
Stealth        | |  1.7

Action                   || total
-------------------------++-------
Melee: Unarmed           ||    38
       Punch             ||     1
  Use: Potion            ||     1
 Stab: Sleeping          ||     1
Armor: Robe              ||     2
Dodge: Dodged            ||    14

Table legend: (Time is in decaauts)
 A = Elapsed time spent in this place.
 B = Non-inter-level travel time spent in this place.
 C = Inter-level travel time spent in this place.
 D = Time resting spent in this place.
 E = Time spent auto-exploring this place.
 F = Levels seen in this place.
 G = Mean time per level.
                   A        B        C        D        E       F      G
               +--------+--------+--------+--------+--------+-----+--------+
         Total |    278 |    278 |      0 |    125 |      0 |   1 |  278.0 |
       Dungeon |    278 |    278 |      0 |    125 |      0 |   1 |  278.0 |
               +--------+--------+--------+--------+--------+-----+--------+

Top non-repeatable levels by time:
       D: 278 daAuts
